 Dungeon Crawl Stone Soup version 0.28-a0-823-gb444dcf96d (webtiles) character file.

Game seed: 13939398940517112364

87 cheechan the Covered (level 4, -6/42 HPs)
             Began as a Naga Fighter on Nov 9, 2021.
             Mangled by a wyvern skeleton (12 damage)
             ... on level 3 of the Dungeon.
             The game lasted 00:06:49 (1751 turns).

cheechan the Covered (Naga Fighter)                 Turns: 1751, Time: 00:06:50

Health: -6/42      AC:  9    Str: 19    XL:     4   Next: 51%
Magic:  4/4        EV:  5    Int:  8    God:
Gold:   106        SH:  4    Dex: 11    Spells: 3/3 levels left

rFire   + . .      SeeInvis +   a - +0 war axe
rCold   + . .      Faith    .   c - +0 buckler
rNeg    . . .      Spirit   .   f - +0 chain mail
rPois   +          Reflect  .   k - +2 helmet
rElec   .          Harm     .   h - scarf {rC+ rF+}
rCorr   .          Rampage  .   (no gloves)
Will    .....                   (no barding)
Stlth   ..........              (no amulet)
HPRegen 0.14/turn               (no ring)
MPRegen 0.09/turn               (no ring)

@: mighty, very slow
A: AC +1, large, see invisible, deformed body, poison resistance, slowness 2,
spit poison 1, naga tail 1
a: Spit Poison


You were on level 3 of the Dungeon.
You visited 1 branch of the dungeon, and saw 3 of its levels.

You collected 106 gold pieces.

Inventory:

Hand Weapons
 a - a +0 war axe (weapon)
Missiles
 b - 4 bolts
 e - 22 arrows
 g - 44 sling bullets
Armour
 c - a +0 buckler (worn)
 f - a +0 chain mail (worn)
 h - a scarf of resistance (worn)
 k - a +2 helmet (worn)
Scrolls
 i - a scroll of summoning
Potions
 l - a potion of flight {unknown}


   Skills:
 + Level 3.3 Fighting
 + Level 2.6 Axes
 + Level 3.3 Armour
 + Level 0.7 Dodging
 + Level 2.7 Shields


You had 3 spell levels left.
You didn't know any spells.
Your spell library was empty.

Dungeon Overview and Level Annotations

Branches:
Dungeon (3/15)

Altars:

Annotations:
D:3 1 transporter, sojurn's ghost, amateur GrEE


Innate Abilities, Weirdness & Mutations

Your serpentine skin is tough. (AC +1)
You have supernaturally acute eyesight. (SInv)
Armour fits poorly on your strangely shaped body.
Your system is resistant to poisons. (rPois)
You cover ground very slowly.
You can spit poison.
You have a snake-like lower body.


Message History

Your chain mail prevents you from hitting sojurn's ghost.
You slash the bullfrog skeleton! You hit the wyvern skeleton.
The bullfrog skeleton hits you. The wyvern skeleton barely misses you.
Sojurn's ghost points at you and mumbles some strange words.
The stone arrow hits you!!
The bullfrog skeleton hits you but does no damage.
The wyvern skeleton barely misses you.
You closely miss sojurn's ghost. You barely miss the bullfrog skeleton.
You barely miss the wyvern skeleton. The bullfrog skeleton hits you.
Sojurn's ghost whispers, "There is no future for you."
Sojurn's ghost hits you but does no damage.
You block the wyvern skeleton's attack.
You block the bullfrog skeleton's attack.
Sojurn's ghost completely misses you.
The wyvern skeleton bites you but does no damage.
You slash sojurn's ghost!
Sojurn's ghost is moderately damaged.
You slash the bullfrog skeleton! You slash the wyvern skeleton!
The bullfrog skeleton hits you.
* * * LOW HITPOINT WARNING * * *
The wyvern skeleton bites you!
* * * LOW HITPOINT WARNING * * *
Sojurn's ghost hits you but does no damage.
The bullfrog skeleton hits you but does no damage.
You feel better. You block the wyvern skeleton's attack.
Sojurn's ghost gestures at you while chanting.
The blast of sand hits you.
* * * LOW HITPOINT WARNING * * *
The bullfrog skeleton hits you but does no damage.
The wyvern skeleton barely misses you.
You feel better. The bullfrog skeleton hits you. Sojurn's ghost hits you.
* * * LOW HITPOINT WARNING * * *
The wyvern skeleton bites you.
* * * LOW HITPOINT WARNING * * *
You miss sojurn's ghost.
Sojurn's ghost is lightly damaged.
You slash the bullfrog skeleton!
You destroy the bullfrog skeleton!
You barely miss the wyvern skeleton. The wyvern skeleton bites you!
You die...

#........©.........#
#..#############..###
#....$$...Z.#..#.#
#...........#..#.##.#
#..##...##..#...$...#
#..#8..(8#..#..###..#
#..##...##..#..# #
#.....©.....#..###.#
#..##.@.##..#......#
#..#8.WZ8#..#..#####
#..##...##..#......#
#......?....#..###.#
..........©#..#
..#############..#
........©........#
.................#
####.###.##...#........


You could see sojurn's ghost and a wyvern skeleton.

Vanquished Creatures
  A bullfrog skeleton (D:3)
  2 adders (D:2)
  A worm (D:3)
  4 dart slugs
  6 endoplasms
  2 giant cockroaches (D:1)
  5 goblins
  7 hobgoblins
  4 kobolds (D:1)
  4 quokkas
  3 ball pythons
  7 bats
  4 frilled lizards
  4 rats (D:1)
54 creatures vanquished.

Vanquished Creatures (others)
  A fungus (D:2)
1 creature vanquished.

Grand Total: 55 creatures vanquished

Notes
Turn   | Place    | Note
-------+----------+-------------------------------------------
     0 | D:1      | cheechan the Naga Fighter began the quest for the Orb.
     0 | D:1      | Reached XP level 1. HP: 21/21 MP: 1/1
   137 | D:1      | Reached XP level 2. HP: 16/28 MP: 2/2
   452 | D:1      | Reached XP level 3. HP: 23/34 MP: 3/3
   976 | D:2      | Reached XP level 4. HP: 41/42 MP: 4/4
  1440 | D:2      | Found a faded altar of an unknown god.
  1724 | D:3      | Found a transporter.
  1729 | D:3      | Noticed sojurn's ghost (amateur GrEE)
  1731 | D:3      | Found a transporter.
  1748 | D:3      | HP: 2/42 [wyvern skeleton (7)]
  1751 | D:3      | Mangled by a wyvern skeleton

Illustrated notes

Levels and vault maps discovered:
D:1:      mrwooster_arrival_statue_2, layout_loops_ring, chequers_garden,
          minmay_misc_feat_rows
D:2:      layout_rooms, shapermc_ecumenical_altar_ellora
D:3:      layout_loops_cross, nicolae_uskayaw_suspiria,
          mainiacjoe_overflow_surrounded_room, serial_rivers,
          chequers_serial_rivers_micro_e, chequers_serial_rivers_small_a,
          chequers_serial_rivers_room_a, chequers_serial_rivers_micro_e,
          chequers_serial_rivers_micro_d, chequers_serial_rivers_micro_b,
          gammafunk_ghost_mausoleum

Skill      XL: |  1  2  3 |
---------------+----------+-----
Armour         | 3 |  3.3
Fighting       | |  3.3
Axes           | |  2.6
Dodging        | |  0.7
Shields        | |  2.7

Action                   |  1- 3 |  4- 6 || total
-------------------------+-------+-------++-------
Melee: War axe           |   124 |    42 ||   166
 Abil: Spit Poison       |    10 |     2 ||    12
  Use: Scroll            |     1 |     2 ||     3
       Potion            |       |     3 ||     3
Armor: Scale mail        |    31 |       ||    31
       Chain mail        |    56 |    47 ||   103
Dodge: Dodged            |    56 |    24 ||    80
Block: Buckler           |    33 |    10 ||    43

Table legend: (Time is in decaauts)
 A = Elapsed time spent in this place.
 B = Non-inter-level travel time spent in this place.
 C = Inter-level travel time spent in this place.
 D = Time resting spent in this place.
 E = Time spent auto-exploring this place.
 F = Levels seen in this place.
 G = Mean time per level.
                   A        B        C        D        E       F      G
               +--------+--------+--------+--------+--------+-----+--------+
         Total |   2424 |   2424 |      0 |      0 |      0 |   3 |  808.0 |
       Dungeon |   2424 |   2424 |      0 |      0 |      0 |   3 |  808.0 |
               +--------+--------+--------+--------+--------+-----+--------+

Top non-repeatable levels by time:
     D:1: 1241 daAuts
     D:2: 874 daAuts
     D:3: 308 daAuts
